 Dungeon Crawl Stone Soup version 0.23.2-1-ga50397a (webtiles) character file.

Game seed: 4818454899136460220

339 goulibeur the Skirmisher (level 6, -1/55 HPs)
             Began as a Draconian Berserker on May 20, 2019.
             Was a Believer of Trog.
             Slain by a gnoll
             ... wielding a +0 spear
              (9 damage)
             ... on level 4 of the Dungeon.
             The game lasted 00:07:58 (2503 turns).

goulibeur the Skirmisher (Draconian Berserker)      Turns: 2503, Time: 00:07:59

Health: -1/55      AC:  8    Str: 19    XL:     6   Next: 29%
Magic:  6/6        EV: 14    Int:  7    God:    Trog [**....]
Gold:   132        SH:  0    Dex: 13    Spells: 5/5 levels left

rFire    . . .     SeeInvis .   a - +0 mace
rCold    . . .     Gourm    .   (no shield)
rNeg     . . .     Faith    .   (armour unavailable)
rPois    .         Spirit   .   (helmet restricted)
rElec    .         Reflect  .   g - scarf {repulsion}
rCorr    .         Harm     .   o - +1 pair of gloves
MR       ++...                  (no boots)
Stlth    +.........             (no amulet)
HPRegen  1.18/turn              (no ring)
MPRegen  0.10/turn              (no ring)

@: berserk cooldown, regenerating, slowed, repel missiles, very slow
A: unfitting armour, cold-blooded, AC +6
a: Berserk, Trog's Hand, Renounce Religion


You were on level 4 of the Dungeon.
You worshipped Trog.
Trog was pleased with you.
You were near starving.

You visited 1 branch of the dungeon, and saw 4 of its levels.

You collected 132 gold pieces.

Inventory:

Hand Weapons
 a - a +0 mace (weapon)
Missiles
 e - 6 tomahawks of returning (quivered)
Armour
 g - a scarf of repulsion (worn)
 o - a +1 pair of gloves (worn)
Wands
 j - a wand of clouds (4)
Scrolls
 d - 5 scrolls of identify {unknown}
 f - a scroll of teleportation {unknown}
 k - a scroll of fear {unknown}
 l - a scroll of fog {unknown}
 m - 2 scrolls of magic mapping {unknown}
 p - 3 scrolls of remove curse {unknown}
 q - a scroll of random uselessness {unknown}
Potions
 c - 2 potions of haste {unknown}
 h - 3 potions of might {unknown}
 i - a potion of agility {unknown}
Comestibles
 b - 4 rations
 n - 3 chunks of flesh


   Skills:
 + Level 4.8 Fighting
 + Level 4.4 Maces & Flails
 + Level 2.6 Throwing
 + Level 4.0 Dodging


You had 5 spell levels left.
You didn't know any spells.
Your spell library was empty.

Dungeon Overview and Level Annotations

Branches:
Dungeon (4/15)
 Temple: D:4-7

Altars:
Kikubaaqudgha
Qazlal
Vehumet


Innate Abilities, Weirdness & Mutations

Your plain brown scales are hard. (AC +6)
You cannot fit into any form of body armour.
You are cold-blooded and may be slowed by cold attacks.


Message History

The gnoll hits you from afar with a +0 spear.
* * * LOW HITPOINT WARNING * * *
The gnoll hits you with a +0 spear.
* * * LOW HITPOINT WARNING * * *
The gnoll closely misses you.
The gnoll hits you from afar with a +0 spear.
* * * LOW HITPOINT WARNING * * *
The gnoll hits you but does no damage. The gnoll hits you with a +0 spear.
* * * LOW HITPOINT WARNING * * *
You hit the gnoll but do no damage.
The gnoll is almost dead.
The gnoll hits you from afar with a +0 spear.
* * * LOW HITPOINT WARNING * * *
The gnoll barely misses you. The gnoll hits you but does no damage.
Unknown command.
Your skin crawls.
You feel resistant to hostile enchantments.
You are near starving!
The gnoll hits you from afar with a +0 spear!
You die...

...#####...####..##..#
...#..###...###..##..# ##
.............#...##..##..
........#....#.####......
..........#....#...........
......)......(#...........
......#g#......##.#......
###.......#)#.....##......... #..
....##..##..@g...####........
#........#......g...#####........
#...##...#..##........#.......##.
...#...................###...##
#.........#......##...##.......
.##.........##...........#.......
......................#.........#
......÷.>............###g..##....
..###..÷.÷.................# ....


You could see 3 gnolls.

Vanquished Creatures
  A centaur skeleton (D:4)
  A gnoll shaman (D:4)
  A bullfrog skeleton (D:4)
  Jessica (D:2)
  An iguana (D:4)
  A worker ant (D:4)
  Natasha (twice) (D:2)
  2 gnolls (D:4)
  4 adders
  An adder skeleton (D:2)
  A worm (D:2)
  3 dart slugs
  2 leopard geckos (D:4)
  3 giant cockroaches
  6 goblins
  4 hobgoblins
  12 jackals
  2 quokkas
  A ball python (D:2)
  6 bats
  A frilled lizard (D:2)
  A jackal skeleton (D:4)
  3 kobolds
  4 rats
64 creatures vanquished.

Notes
Turn   | Place    | Note
-------+----------+-------------------------------------------
     0 | D:1      | goulibeur the Draconian Berserker began the quest for the
                  | Orb.
     0 | D:1      | Reached XP level 1. HP: 19/19 MP: 1/1
   510 | D:1      | Reached XP level 2. HP: 26/26 MP: 2/2
   954 | D:2      | Reached skill level 1 in Throwing
   954 | D:2      | Reached XP level 3. HP: 26/33 MP: 3/3
   993 | D:2      | Found a radiant altar of Vehumet.
  1243 | D:2      | Found a stormy altar of Qazlal.
  1243 | D:2      | Noticed a fire elemental
  1249 | D:2      | Noticed a water elemental
  1292 | D:2      | Reached ** piety under Trog
  1341 | D:2      | Noticed Natasha
  1350 | D:2      | Killed Natasha
  1350 | D:2      | Reached XP level 4. HP: 27/40 MP: 4/4
  1463 | D:2      | Noticed Jessica
  1471 | D:2      | Killed Jessica
  1517 | D:2      | Noticed an air elemental
  1522 | D:2      | Noticed an earth elemental
  1668 | D:2      | Noticed Natasha
  1676 | D:2      | Killed Natasha
  1792 | D:3      | Reached XP level 5. HP: 42/46 MP: 5/5
  1803 | D:3      | Found an ancient bone altar of Kikubaaqudgha.
  2385 | D:4      | Reached XP level 6. HP: 29/53 MP: 6/6
  2503 | D:4      | Slain by a gnoll

Skill      XL: |  1  2  3  4  5  6 |
---------------+-------------------+-----
Throwing       | 1 2 |  2.6
Dodging        | 3 4 |  4.0
Fighting       | 4 |  4.8
Maces & Flails | 4 |  4.4

Action                   |  1- 3 |  4- 6 || total
-------------------------+-------+-------++-------
Melee: Mace              |   101 |   104 ||   205
       Tailslap          |     9 |    15 ||    24
Throw: Tomahawk          |     1 |       ||     1
Invok: Berserk           |       |     3 ||     3
       Trog's Hand       |       |     1 ||     1
  Eat: Chunk             |     1 |     6 ||     7
Armor: Skin              |    44 |    43 ||    87
Dodge: Dodged            |    81 |    89 ||   170
